 Dungeon Crawl Stone Soup version 0.19.1 (webtiles) character file.

119 Mefis the Magician (level 4, -4/25 HPs)
             Began as a Deep Elf Wizard on Dec 9, 2016.
             Slain by Natasha (7 damage)
             ... on level 2 of the Dungeon.
             The game lasted 00:04:25 (3388 turns).

Mefis the Magician (Deep Elf Wizard)                Turns: 3388, Time: 00:04:26

Health: -4/25      AC:  3    Str:  4    XL:     4   Next: 73%
Magic:  2/13       EV: 13    Int: 24    God:
Gold:   65         SH:  0    Dex: 13    Spells: 5 memorised, 4 levels left

rFire  . . .     SeeInvis .     v - +1 short sword (venom)
rCold  . . .     Gourm    .     a - +0 robe
rNeg   . . .     Faith    .     (no shield)
rPois  .         Spirit   .     A - +0 helmet
rElec  .         Reflect  .     (no cloak)
rCorr  .         Harm     .     (no gloves)
MR     .....                    (no boots)
Stlth  ++........               (no amulet)
                                (no ring)
                                (no ring)

@: very slightly contaminated
A: no striking features
a: no special abilities


You were on level 2 of the Dungeon.
You were not hungry.

You visited 1 branch of the dungeon, and saw 2 of its levels.

You collected 65 gold pieces.

Inventory:

Hand Weapons
 k - a +0 short sword
 n - a +0 hunting sling
 v - a +1 short sword of venom (weapon)
Missiles
 e - 48 bolts
 t - 18 sling bullets
Armour
 a - a +0 robe (worn)
 b - a +0 hat
 A - a +0 helmet (worn)
Jewellery
 p - an uncursed amulet of harm {unknown}
Scrolls
 f - a scroll of teleportation {unknown}
 i - a scroll of fear {unknown}
 j - a scroll of random uselessness {unknown}
 m - 2 scrolls of magic mapping {unknown}
 q - a scroll of enchant weapon {unknown}
 r - 2 scrolls of recharging {unknown}
 u - 3 scrolls of remove curse {unknown}
 x - a scroll of identify {unknown}
 y - 2 scrolls of enchant armour {unknown}
Potions
 g - 2 potions of might {unknown}
 h - a potion of agility {unknown}
 l - 2 potions of heal wounds {unknown}
 w - a potion of mutation {unknown}
 z - a potion of invisibility {unknown}
Books
 c - a book of Minor Magic

   Spells                             Type                      Level
   a - Magic Dart                     Conjuration                  1
   b - Blink                          Translocation                2
   c - Call Imp                       Summoning                    2
   d - Repel Missiles                 Charms/Air                   2
   e - Slow                           Hexes                        2
   f - Conjure Flame                  Conjuration/Fire             3
   g - Mephitic Cloud                 Conjuration/Poison/Air       3
Comestibles
 d - 5 bread rations
 o - a meat ration
 s - a beef jerky
 B - 3 chunks of flesh


   Skills:
 + Level 1.0 Fighting
 + Level 3.1 Dodging
 + Level 3.2 Stealth
 * Level 5.6 Spellcasting
 + Level 1.4 Conjurations
 + Level 1.3 Summonings
 + Level 1.8 Translocations
 + Level 0.6 Air Magic
 + Level 0.7 Poison Magic


You had 4 spell levels left.
You knew the following spells:

 Your Spells              Type           Power        Failure   Level  Hunger
a - Magic Dart            Conj           ##..         6%          1    None
b - Call Imp              Summ           ##......     10%         2    None
c - Blink                 Tloc           N/A          8%          2    None
d - Repel Missiles        Chrm/Air       #.....       12%         2    None
e - Mephitic Cloud        Conj/Pois/Air  ##......     21%         3    #......


Dungeon Overview and Level Annotations

Branches:
Dungeon (2/15)

Altars:
Qazlal

Annotations:
D:2 Natasha


Message History

Natasha claws you but does no damage.
Casting: Mephitic Cloud
Confirm with . or Enter, or press ? or * to list all spells.
Aiming: Mephitic Cloud
Press: ? - help, Shift-Dir - straight line You miscast Mephitic Cloud.
You feel a strange surge of energy! Natasha claws you.
You hit Natasha but do no damage.
Natasha is moderately wounded.
Natasha closely misses you. Natasha claws you.
* * * LOW HITPOINT WARNING * * *
You are too injured to fight recklessly!
Natasha extends her claws.
Natasha casts a spell at you. The magic dart hits you!
* * * LOW HITPOINT WARNING * * *
Natasha stares at you and mumbles some strange words.
You resist with some effort. Natasha claws you!
You die...

..*.#*,* *,*
#.#,*********
,⌠#,*,,* *,*
#.#,,,,,,,,,*
*##,*,** *,*
###.#********,*
,,,,*,* *,* ##.#.#
*,*
*****,**###.####.#..#
*,*
,,,,,,,,........###.#
*,*
*****,,*########.#.##
*,* ,,,,,,,* #..##
*,* *****,** #@h##
*,* *,* #...# *,* *,*
#.#.# *,* *,* #.#.#
*,* *,* #.#<#* *,*
*,* #....#* *,*
*****,*
*#.....#*******,*
,,,,,,*
#........,,,,,,,*
*******
##.....###*******


You could see Natasha.

Vanquished Creatures
  Natasha (twice) (D:2)
  3 adders (D:2)
  A worm (D:2)
  A dart slug (D:1)
  A leopard gecko (D:1)
  4 bats
  3 giant cockroaches
  5 hobgoblins
  2 jackals (D:2)
  A quokka (D:2)
  2 frilled lizards
  4 goblins
  5 kobolds
  7 rats
41 creatures vanquished.

Vanquished Creatures (others)
  A goblin (D:2)
1 creature vanquished.

Grand Total: 42 creatures vanquished

Notes
Turn   | Place    | Note
-------+----------+-------------------------------------------
     0 | D:1      | Mefis the Deep Elf Wizard began the quest for the Orb.
     0 | D:1      | Reached XP level 1. HP: 10/10 MP: 7/7
   368 | D:1      | Reached XP level 2. HP: 15/15 MP: 5/9
   372 | D:1      | Learned a level 2 spell: Call Imp
   375 | D:1      | Learned a level 2 spell: Blink
   378 | D:1      | Learned a level 2 spell: Repel Missiles
  1487 | D:2      | Found a stormy altar of Qazlal.
  1551 | D:2      | Reached skill level 5 in Spellcasting
  1551 | D:2      | Reached XP level 3. HP: 17/20 MP: 2/11
  1561 | D:2      | Learned a level 3 spell: Mephitic Cloud
  2461 | D:2      | Noticed Natasha
  2469 | D:2      | Killed Natasha
  2469 | D:2      | Reached XP level 4. HP: 24/24 MP: 9/13
  2859 | D:2      | Found a stormy altar of Qazlal.
  3081 | D:2      | Noticed Natasha
  3090 | D:2      | Killed Natasha
  3090 | D:2      | Reached skill level 1 in Fighting
  3333 | D:2      | Found a stormy altar of Qazlal.
  3373 | D:2      | Noticed Natasha
  3388 | D:2      | Slain by Natasha

Skill      XL: |  1  2  3  4 |
---------------+-------------+-----
Stealth        | 3 |  3.2
Spellcasting   | 5 |  5.6
Dodging        | 3 |  3.1
Fighting       | 1 |  1.0
Conjurations   | |  1.4
Summonings     | |  1.3
Translocations | |  1.8
Air Magic      | |  0.6
Poison Magic   | |  0.7

Action                   |  1- 3 |  4- 6 || total
-------------------------+-------+-------++-------
Melee: Short sword       |     7 |     3 ||    10
 Cast: Magic Dart        |   101 |    13 ||   114
       Mephitic Cloud    |     1 |     1 ||     2
  Eat: Chunk             |     4 |     3 ||     7
Armor: Robe              |     7 |     1 ||     8
Dodge: Dodged            |    14 |     2 ||    16
